 Dungeon Crawl Stone Soup version 0.27.0-1-g7a089689b8 (webtiles) character file.

Game seed: 10388976498327044628

11 Acheron the Grasshopper (level 2, -2/22 HPs)
             Began as a Demonspawn Warper on Aug 3, 2021.
             Succumbed to a kobold's poison
             ... on level 1 of the Dungeon.
             The game lasted 00:01:55 (562 turns).

Acheron the Grasshopper (Demonspawn Warper)          Turns: 562, Time: 00:01:55

Health: -2/22      AC:  3    Str: 11    XL:     2   Next: 13%
Magic:  5/5        EV: 11    Int: 14    God:
Gold:   14         SH:  0    Dex: 12    Spells: 5/5 levels left

rFire    . . .     SeeInvis .   g - +0 whip (venom)
rCold    . . .     Faith    .   (no shield)
rNeg     . . .     Spirit   .   b - +0 leather armour
rPois    .         Reflect  .   (no helmet)
rElec    .         Harm     .   (no cloak)
rCorr    .         Rampage  .   (no gloves)
Will     .....                  (no boots)
Stlth    +.........             (no amulet)
HPRegen  0.07/turn              (no ring)
MPRegen  0.09/turn              (no ring)

@: lethally poisoned (-2 -> -29)
A: demonic magic 1
a: no special abilities


You were on level 1 of the Dungeon.
You visited 1 branch of the dungeon, and saw 2 of its levels.

You collected 14 gold pieces.

Inventory:

Hand Weapons
 a - a +0 hand axe
 g - a +0 whip of venom (weapon)
Missiles
 d - 5 boomerangs of dispersal (quivered)
 h - 4 stones
Armour
 b - a +0 leather armour (worn)
 f - a +0 ring mail
 j - a +0 scale mail
Scrolls
 c - a scroll of blinking
 e - a scroll of identify {unknown}
Potions
 i - a potion of magic {unknown}


   Skills:
 * Level 2.0 Fighting
 * Level 1.7(1.9) Axes
 + Level 0.6(1.3) Maces & Flails
 * Level 0.8 Throwing
 + Level 0.8 Armour
 * Level 1.7 Dodging
 * Level 0.4 Stealth
 * Level 2.1 Spellcasting
 * Level 3.0 Translocations


You had 5 spell levels left.
You didn't know any spells.
Your spell library contained the following spells:

 Spells                   Type           Power      Damage    Failure   Level
 Blink                    Tloc           N/A        N/A       14%         2
 Gell's Gravitas          Tloc           4%         N/A       26%         3
 Lesser Beckoning         Tloc           4%         N/A       26%         3
 Teleport Other           Tloc           9%         N/A       26%         3
 Manifold Assault         Tloc           9%         N/A       94%         5


Dungeon Overview and Level Annotations

Branches:
Dungeon (2/15)

Altars:


Innate Abilities, Weirdness & Mutations

Spells you cast may paralyse adjacent enemies.


Message History

You hit the hobgoblin but do no damage.
The hobgoblin is poisoned.
The hobgoblin barely misses you. The hobgoblin hits you.
You closely miss the hobgoblin. The hobgoblin barely misses you.
The hobgoblin hits you but does no damage.
You barely miss the hobgoblin.
The hobgoblin is heavily wounded.
You kill the hobgoblin!
The hobgoblin barely misses you.
You kill the hobgoblin!
You see here a hobgoblin corpse.
You start resting.
HP restored.
Found a scale mail.
You see here a +0 scale mail.
j - a +0 scale mail A bat and a kobold come into view.
The kobold is wielding a +1 dagger of venom.
The kobold shouts!
The bat moves out of view.
The bat hits you. The bat closely misses you. The bat closely misses you.
The kobold hits you but does no damage.
You are poisoned.
You feel sick.
You closely miss the kobold.
You feel sick. The kobold misses you.
You closely miss the kobold.
You feel sick.
The kobold hits you with a +1 dagger of venom.
You are lethally poisoned!
You closely miss the kobold.
You feel very sick. The kobold closely misses you.
The kobold hits you with a +1 dagger of venom.
You are more poisoned.
You barely miss the kobold.
* * * LOW HITPOINT WARNING * * *
You feel very sick. The kobold hits you but does no damage.
You are more poisoned.
You barely miss the kobold.
You die...

#...# #)# #.... ..... #.#
#....# #....# #.#####
#....# ....# #.....# ...#
#####.#### # #..#
#####.)...... ####.#..#
##............
.....#..###.##.###†##.####
.......bK@..##.# #.##.#
.####..######.# #.##.#
#..######.###.##.#
#........#.......#
......#######.###.####
.####.............#
#.........#####
###########


You could see a bat and a kobold.

Vanquished Creatures
  2 goblins (D:1)
  2 hobgoblins (D:1)
  2 quokkas (D:1)
  3 kobolds (D:1)
9 creatures vanquished.

Notes
Turn   | Place    | Note
-------+----------+-------------------------------------------
     0 | D:1      | Acheron the Demonspawn Warper began the quest for the Orb.
     0 | D:1      | Reached XP level 1. HP: 16/16 MP: 3/3
   321 | D:1      | Reached skill level 3 in Translocations
   353 | D:1      | Gained mutation: Spells you cast may paralyse adjacent
                  | enemies. [demonic ancestry]
   353 | D:1      | Reached XP level 2. HP: 17/22 MP: 5/5
   562 | D:1      | Succumbed to a kobold's poison

Illustrated notes

Levels and vault maps discovered:
D:1:      dpeg_arrival_tiny_a, layout_loops_ring, minmay_heptomino_d4
D:2:      layout_basic, st_stairs_4, minmay_unequal

Skill      XL: |  1 |
---------------+----+-----
Translocations | 3 |  3.0
Fighting       | |  2.0
Axes           | |  1.7
Maces & Flails | |  0.6
Throwing       | |  0.8
Armour         | |  0.8
Dodging        | |  1.7
Stealth        | |  0.4
Spellcasting   | |  2.1

Action                   || total
-------------------------++-------
Melee: Whip              ||    35
       Hand axe          ||     1
Armor: Leather armour    ||     6
Dodge: Dodged            ||    23
